AoeStats
← Bolinette

Arena

505302165Analyzed
2v2 RM · 25d ago on Sep 8, 2026· 43m 44s· 4 players
Game mode
Random Map
Map size
Medium (4 player)
Population
200
Speed
Normal
Resources
Standard
Victory
Conquest
Starting age
Dark Age
Ending age
Imperial Age
RankedLock teamsTeams togetherTeam positionsShared explorationLock speedFull tech treeHidden civsTurbo modeCheats
Victory
Defeat
🇫🇷 Cumans · France
925
+17
🇫🇷 Maya · France
916
+18
🇬🇧 Goths · United Kingdom
993
-19
🇬🇧 Bulgarians · United Kingdom
921
-16
SgtKel
10:11 Feudal Age
9:44 Loom
11:50 Double-Bit Axe
17:41 Horse Collar
22:49 Castle Age
25:17 Wheelbarrow
25:01 Forging
24:57 Scale Barding Armor
29:04 Chain Barding Armor
29:20 Iron Casting
31:05 Heavy Plow
31:47 Pikeman
33:05 Capped Ram
38:02 Imperial Age
35:59 Gold Mining
36:22 Bow Saw
37:14 Hand Cart
39:43 Plate Barding Armor
39:47 Stone Mining
40:32 Gold Shaft Mining
42:00 Blast Furnace
41:16 Bloodlines
42:10 Conscription
41:50 Cavalier
Bolinette
9:41 Feudal Age
10:12 Double-Bit Axe
13:57 Horse Collar
15:08 Forging
14:50 Fletching
15:14 Padded Archer Armor
16:07 Wheelbarrow
19:03 Loom
24:16 Castle Age
26:38 Bodkin Arrow
26:59 Leather Archer Armor
26:59 Bow Saw
33:17 Imperial Age
31:14 Forging
31:04 Scale Mail Armor
31:07 Horse Collar
32:28 Squires
32:15 Arson
33:35 Heavy Plow
36:11 Bracer
36:42 Ring Archer Armor
38:29 Conscription
38:01 Crossbowman
38:47 Thumb Ring
39:36 Iron Casting
39:16 Chain Mail Armor
39:51 Chain Mail Armor
40:57 Chemistry
40:21 Ballistics
39:29 Eagle Warrior
41:48 Treadmill Crane
42:17 Arbalester
Tullus
12:40 Feudal Age
15:11 Double-Bit Axe
17:54 Horse Collar
18:27 Scale Barding Armor
20:28 Castle Age
20:25 Bloodlines
22:16 Forging
24:33 Husbandry
26:43 Loom
27:33 Wheelbarrow
28:11 Chain Barding Armor
28:27 Iron Casting
30:53 Bow Saw
30:46 Heavy Plow
37:15 Imperial Age
37:43 Onager
40:16 Siege Engineers
40:45 Siege Onager
lazer109
11:43 Feudal Age
15:27 Double-Bit Axe
18:31 Castle Age
16:32 Fletching
17:01 Loom
19:23 Horse Collar
20:11 Loom
22:27 Castle Age
21:24 Stone Mining
29:34 Bow Saw
Connection lost

Rejoining the realm…

Still unreachable

The connection could not be restored.

Session expired

The server has moved on; the page needs a fresh start.